[Event "*** SCC Grand Prix: Titled Tuesday Blitz"]
[Site "Chess.com"]
[Date "2020.10.13"]
[Round "6"]
[White "akanga001"]
[Black "VladaSviridova"]
[Result "0-1"]
[WhiteElo "1849"]
[BlackElo "2247"]
[TimeControl "180+1"]
[EndTime "11:08:12 PDT"]
[Termination "VladaSviridova won by checkmate"]

1. d4 d5 2. c4 c6 3. Nc3 Nf6 4.
cxd5 cxd5 5. Bf4 Nc6 6. e3 a6 7. Bd3 Bg4 8. f3 Bd7 9. a3 e6 10. Bg3 Be7 11. Nge2 Rc8 12. O-O O-O 13. e4 Na5 14. b3 Qb6 15. Bc2 Rfd8 16. Bf2 Rc6 17. Na4 Qc7 18. Nc5 Be8 19. b4 Nc4 20. Ba4 b5 21.
Bb3 Bxc5 22. dxc5 dxe4 23. Qc1 e3 24. Bxe3 Nxe3 25. Qxe3 Nd5 26. Bxd5 Rxd5 27. Nf4 Rd7 28. Rad1 Qd8 29. Qe2 Rcc7 30. Nh3 Rxd1 31. Rxd1 Rd7 32. Nf2 Rxd1+ 33. Qxd1 Qxd1+ 34. Nxd1 Kf8 35. Kf2 Ke7 36. Ke3 Bc6 37. Kd4 f6 38. Ne3 e5+ 39. Kd3 Ke6 40. Nf1 f5 41. Nd2 g5 42. g3 h5 43. h3 Bd5 44.
Ke3 Bc6 45. Kd3 Kd5 46. Ke3 Bd7 47. h4 f4+ 48. gxf4 exf4+ 49. Kf2 gxh4 50. Ne4 Ke5 51. Nc3 Bc6 52. Ne2 h3 53. Nc1 h4 54. Ne2 h2 55.
Kg2 Bxf3+ 56. Kxh2 Bxe2 57. Kh3 f3 58. Kxh4 f2 59. Kg3 f1=Q 60. c6 Qf3+ 61. Kh4 Qg4# 0-1

[Event "*** SCC Grand Prix: Titled Tuesday Blitz"]
[Site "Chess.com"]
[Date "2020.10.13"]
[Round "6"]
[White "Snegokhod"]
[Black "gurelediz"]
[Result "0-1"]
[WhiteElo "2420"]
[BlackElo "2601"]
[TimeControl "180+1"]
[EndTime "11:08:13 PDT"]
[Termination "gurelediz won on time"]

1. e4 c5 2. Nf3 e6 3. d3 Nc6 4.
g3 Qc7 5. Bg2 g6 6. O-O Bg7 7. Re1 Nge7 8. c3 d5 9. exd5 Nxd5 10.
Nbd2 O-O 11. Ne4 b6 12. h4 Ba6 13. h5 Rad8 14. h6 Bh8 15. c4 Ndb4 16. Bg5 f6 17.
Nxf6+ Bxf6 18. Rxe6 Rxd3 19. Qe2 Bxg5 20. Nxg5 Nd4 21. Qe4 Nxe6 22. Nxe6 Qe7 23. Nxf8 Qxe4 24. Bxe4 Rd4 25. a3 Rxe4 26. axb4 Bc8 27. Rxa7 Kxf8 28. Rxh7 Bg4 29. f3 Bxf3 30. bxc5 bxc5 31. Rc7 Kg8 32. Rg7+ Kh8 33. Rxg6 Rxc4 34. Kf2 Be4 35. Re6 Kh7 36. Ke3 Bg6 37. Rc6 Kxh6 38. b3 Rc3+ 39. Kf4 Rc1 40. g4 Rf1+ 41. Ke5 Rc1 42. Kd5 Rb1 43.
Kxc5 Rxb3 44. Kd5 Rg3 45. Ke5 Kg5 46. Rb6 Rxg4 47. Rb8 Rg1 48. Rg8 Re1+ 49. Kd4 Kf6 50.
Ra8 Rd1+ 51. Kc5 Ke5 52. Rh8 Rc1+ 53. Kb4 Be4 54. Rh4 Kd4 55. Kb5 Rb1+ 56. Ka5 Kc5 0-1

[Event "*** SCC Grand Prix: Titled Tuesday Blitz"]
[Site "Chess.com"]
[Date "2020.10.13"]
[Round "6"]
[White "KyrgyzFighter"]
[Black "tylityli"]
[Result "1-0"]
[WhiteElo "2389"]
[BlackElo "2211"]
[TimeControl "180+1"]
[EndTime "11:08:13 PDT"]
[Termination "KyrgyzFighter won on time"]

1. c4 c5 2. Nf3 Nf6 3. d4 cxd4 4. Nxd4 e5 5. Nb5 d5 6. cxd5 a6 7. N5c3 Qa5 8. g3 b5 9. Bg2 Bb7 10. O-O b4 11. Qa4+ Qxa4 12. Nxa4 Bxd5 13. Be3 Bxg2 14.
Kxg2 Nbd7 15. Nd2 Be7 16. Nc4 O-O 17. Rac1 Nd5 18. Rfd1 Nxe3+ 19. Nxe3 Rfd8 20. Nf5 Bf8 21. Rc7 Nf6 22. Rdc1 g6 23. Ne3 Rd2 24. R1c2 Rad8 25. Nb6 Rxc2 26. Rxc2 Ne4 27. f3 Bc5 28. Nec4 Bxb6 29.
Nxb6 Rd2 30. Rc8+ Kg7 31. fxe4 Rxe2+ 32. Kf3 Rxb2 33. Rc4 a5 34. a4 bxa3 35. Nd5 a2 36. Ra4 Rxh2 37. Nc3 Rb2 38. Nxa2 Rb3+ 39. Kf2 Rb2+ 40.
Kf3 Rb3+ 41. Kg2 Rb2+ 42. Kh3 Rb5 43. Nc3 Rb4 44. Rxa5 Rc4 45. Ra3 f5 46. exf5 gxf5 47. Kg2 Kf6 48. Kf3 Kg5 49. Ne2 e4+ 50. Kf2 Rc2 51.
Ra7 h5 52. Rg7+ Kf6 53. Rh7 Kg6 54. Rh8 Kg5 55. Ke3 Ra2 56. Rg8+ Kf6 57. Nd4 Ra3+ 58. Kf4 Rd3 59. Nxf5 Rf3+ 60. Kxe4 Kf7 61. Rg7+ Kf6 62. Kxf3 1-0

[Event "*** SCC Grand Prix: Titled Tuesday Blitz"]
[Site "Chess.com"]
[Date "2020.10.13"]
[Round "6"]
[White "anasta10"]
[Black "Sueetin"]
[Result "1/2-1/2"]
[WhiteElo "2411"]
[BlackElo "2269"]
[TimeControl "180+1"]
[EndTime "11:08:14 PDT"]
[Termination "Game drawn by repetition"]

1. Nf3 d5 2. d4 Nf6 3. c4 e6 4.
Nc3 Bb4 5. cxd5 exd5 6. Bg5 Nbd7 7.
e3 c5 8. Bd3 c4 9. Bc2 Qa5 10.
O-O Bxc3 11. bxc3 Ne4 12. Bf4 Ndf6 13. Nd2 Nxc3 14. Qe1 Bd7 15. e4 Nb5 16. exd5+ Kf8 17. Be5 Re8 18. Nxc4 Qxe1 19. Rfxe1 Nxd5 20. Nd6 Re6 21. Nxb5 Bxb5 22. Bb3 Bc6 23. Rac1 f6 24. Bxd5 Bxd5 25.
Rc8+ Re8 26. Rxe8+ Kxe8 27. Bxf6+ Kf7 28. Be5 Rc8 29.
f3 Bxa2 30. Ra1 Rc2 31. Bd6 b5 32. Bc5 Ke6 33. Bxa7 Kd5 34. Bc5 Kc4 35. Re1 b4 36.
Bf8 g6 37. d5 b3 38. d6 Rd2 39.
Bg7 Rxd6 40. Re7 Rd2 41. Rb7 Bb1 42. h3 Bd3 43. Kh2 Bc2 44. Kg3 Bd3 45. h4 Bf1 46. Kf4 Rxg2 47. Rc7+ Kd3 48. Rc3+ Kd2 49. Rxb3 Re2 50.
Rb2+ Kd3 51. Rb7 Rc2 52. Rd7+ Ke2 53. Bf6 Rc4+ 54. Rd4 Rxd4+ 55. Bxd4 Bh3 56. Bf6 h5 57. Kg3 Bf5 58. f4 Bd3 59. Bg5 Bf5 60. Bf6 Bd3 61.
Bg5 Bf5 62. Bf6 1/2-1/2

[Event "*** SCC Grand Prix: Titled Tuesday Blitz"]
[Site "Chess.com"]
[Date "2020.10.13"]
[Round "6"]
[White "karinachess1"]
[Black "Fy_Rakotomaharo"]
[Result "1-0"]
[WhiteElo "2526"]
[BlackElo "2644"]
[TimeControl "180+1"]
[EndTime "11:08:24 PDT"]
[Termination "karinachess1 won by resignation"]

1. e4 e5 2. Nf3 Nc6 3. Bb5 a6 4. Ba4 Nf6 5. O-O Bc5 6. c3 b5 7. Bb3 d6 8. a4 b4 9. d4 Ba7 10. dxe5 dxe5 11. Qxd8+ Nxd8 12. Nxe5 Nxe4 13. Bd5 Bb7 14.
Bxb7 Nxb7 15. Nd2 Nbd6 16. cxb4 O-O 17. Nc6 Rfe8 18. Nxe4 Nxe4 19. Nxa7 Rxa7 20. Bf4 g5 21.
Be3 Rb7 22. Rac1 h6 23. Rc6 Re6 24. Rfc1 Rxb4 25. Rxe6 fxe6 26. Rc6 Rxb2 27. h3 Nd6 28. Rxa6 Ra2 29. Ra8+ Kf7 30. Ra7 Kg6 31. Rxc7 Rxa4 32. Rc6 Ra1+ 33. Kh2 Rd1 34. Bc5 Ne4 35. Rxe6+ Kf5 36.
Rc6 h5 37. Be3 g4 38. hxg4+ hxg4 39. Ra6 Nc3 40. Ra5+ Ke4 41. Rg5 Ne2 42. Rxg4+ Kd3 43. Rg8 Rb1 44. Rd8+ Ke4 45. Re8+ Kd3 46. g4 Rb7 47. g5 Nc3 48. Re5 Ne4 49. Rf5 Ke2 50.
Rd5 Rg7 51. Rf5 Nc3 52. Kg2 Nd1 53. Kg3 Nxe3 54. fxe3 Kxe3 55. Kg4 Ke4 56. Rf6 Ke5 57. Rf1 Ke6 58. Kh5 Rh7+ 59. Kg6 Rh2 60. Kg7 Rg2 61.
g6 Ke5 62. Kh7 Rh2+ 63. Kg8 Ke6 64. g7 Rg2 65. Kf8 Ra2 66. g8=Q+ 1-0

[Event "*** SCC Grand Prix: Titled Tuesday Blitz"]
[Site "Chess.com"]
[Date "2020.10.13"]
[Round "6"]
[White "grunbergmihai"]
[Black "TheMagnet"]
[Result "1-0"]
[WhiteElo "2441"]
[BlackElo "2586"]
[TimeControl "180+1"]
[EndTime "11:08:24 PDT"]
[Termination "grunbergmihai won by resignation"]

1. Nf3 Nf6 2. c4 g6 3. g3 Bg7 4. Bg2 O-O 5. O-O d6 6. d4 Nc6 7. Nc3 a6 8. Re1 Rb8 9. Rb1 b5 10. cxb5 axb5 11. b4 Bf5 12. e4 Bg4 13. Be3 Nd7 14.
h3 Bxf3 15. Bxf3 e5 16. d5 Nd4 17. Bg2 Qc8 18. Bxd4 exd4 19. Ne2 Qa6 20. Nxd4 Qxa2 21.
Nc6 Ra8 22. Re2 Qa3 23. Qb3 Rfe8 24. Rc2 Nb6 25. Na5 Qxb3 26. Rxb3 Re7 27. h4 h5 28. Rd3 Be5 29. Rd1 f5 30. exf5 gxf5 31. Rdc1 Nc4 32. Nxc4 bxc4 33. Rxc4 Ra7 34. Bf3 Rh7 35. Kg2 Rb7 36. R1c2 Ra7 37. Re2 Kf8 38. Rc6 Rb7 39. Rc4 Ra7 40. Rec2 Rb7 41. Be2 Ra7 42. Bd3 Rf7 43. f4 Bh8 44. Re2 Ra3 45. Rd2 Rb3 46. Be2 Rh7 47. Bf3 Ke8 48. Re2+ Kd8 49.
Re6 Bb2 50. Rg6 Ba3 51. Rg5 Bxb4 52. Rxf5 Rg7 53. Rxh5 Be1 54. Rg5 Re7 55. Re4 Rxe4 56. Bxe4 Rb2+ 57. Kh3 Re2 58. Bf3 Re3 59. Kg4 Ke7 60.
h5 Kf6 61. h6 Bc3 62. h7 Kf7 63. Rg8 Re8 64. Rxe8 Kxe8 65. Kh5 Kf7 66. g4 Kg7 67.
Be4 Bd2 68. f5 Bf4 69. g5 Be5 70. f6+ Kf7 71. h8=Q 1-0

[Event "*** SCC Grand Prix: Titled Tuesday Blitz"]
[Site "Chess.com"]
[Date "2020.10.13"]
[Round "6"]
[White "Barmen_EV"]
[Black "Beltsychess"]
[Result "0-1"]
[WhiteElo "2492"]
[BlackElo "2635"]
[TimeControl "180+1"]
[EndTime "11:08:25 PDT"]
[Termination "Beltsychess won by checkmate"]

1. d4 f5 2. c4 Nf6 3. Nc3 d6 4.
Bg5 Nbd7 5. Qc2 g6 6. h4 Bg7 7.
O-O-O c6 8. e3 Qa5 9. Bd3 e5 10. f3 h6 11. Bxf6 Nxf6 12. h5 Nxh5 13. g4 Nf6 14. gxf5 g5 15. Nge2 Bd7 16. f4 exf4 17. exf4 g4 18. Ng3 O-O-O 19. d5 h5 20. Nge4 Nxe4 21. Bxe4 c5 22. f6 Bxf6 23. Bf5 Bxc3 24. Bxd7+ Rxd7 25. Qxc3 Qxc3+ 26. bxc3 h4 27. Rdg1 Rg7 28.
Kd2 g3 29. Rh3 Rg4 30. Ke3 Rf8 31. Rf1 Rfxf4 32. Rxf4 Rxf4 33. Kxf4 g2 34. Rxh4 g1=Q 35. Rh8+ Kc7 36. Rh7+ Kb6 37. Rh6 Qf2+ 38. Kg5 Qe3+ 39. Kh5 Qe5+ 40. Kg4 Ka5 41. Re6 Qh2 42. Kf5 Qg3 43.
Kf6 Qxc3+ 44. Ke7 Qxc4 45. Kxd6 Qd4 46. Re5 c4 47. Ke6 c3 48. d6+ Kb6 49. Rd5 Qxd5+ 50. Kxd5 c2 51. d7 Kc7 52. Ke6 Kd8 53. Kd6 c1=Q 54.
a4 Qc6+ 55. Ke5 Qxa4 56. Kd6 Qc6+ 57. Ke5 Kxd7 58. Kd4 a5 59. Ke5 a4 60. Kd4 a3 61.
Ke5 a2 62. Kf5 a1=Q 63. Kf4 Qa5 64. Ke3 Qc4 65. Kf2 Qa3 66. Kg1 Qc2 67. Kh1 Qa1# 0-1

[Event "*** SCC Grand Prix: Titled Tuesday Blitz"]
[Site "Chess.com"]
[Date "2020.10.13"]
[Round "6"]
[White "Falcon28dz"]
[Black "MPGM"]
[Result "0-1"]
[WhiteElo "2283"]
[BlackElo "2436"]
[TimeControl "180+1"]
[EndTime "11:08:25 PDT"]
[Termination "MPGM won on time"]

1. e4 e5 2. Nf3 Nc6 3. Bc4 Nf6 4. d3 Bc5 5. O-O d6 6. c3 a6 7. Bb3 h6 8. Nbd2 O-O 9. Re1 Ba7 10. Nf1 Qe7 11.
Ng3 Kh8 12. h3 Be6 13. Bc2 Rg8 14. Nh4 Qf8 15. Nhf5 Ne7 16. d4 Rd8 17. Nh4 g6 18. Qf3 Nh7 19. Be3 Ng5 20. Qf6+ Qg7 21. Bxg5 hxg5 22.
Qxe7 gxh4 23. Qxh4+ Qh7 24. Qf6+ Qg7 25. Qxg7+ Kxg7 26. Rad1 f6 27. Bb3 Bxb3 28. axb3 Kf7 29. Nf1 Ke6 30.
Ne3 Rg7 31. Rd3 Rh8 32. Red1 Rh4 33. f3 f5 34. exf5+ gxf5 35. Kf1 e4 36. fxe4 fxe4 37. R3d2 Rg3 38. Re2 d5 39. Kf2 Rg8 40. Rf1 c6 41.
Ke1 Bb8 42. Nf5 Rh7 43. h4 Bg3+ 44. Nxg3 Rxg3 45. Kf2 Rg4 46. g3 Rf7+ 47. Kg2 Rxf1 48. Kxf1 Rxg3 49. Rg2 Rh3 50. Rg7 Rxh4 51. Rxb7 Rh2 52.
Rb6 Kd6 53. Rxa6 Rxb2 54. Ra3 Rc2 55. b4 Rb2 56. Ke1 Kc7 57. Kd1 Kb6 58. Kc1 Rh2 59. Rb3 Kb5 60. Rb2 Rh1+ 61. Kc2 Kc4 62. Ra2 Rh2+ 63. Kb1 Rxa2 0-1

[Event "*** SCC Grand Prix: Titled Tuesday Blitz"]
[Site "Chess.com"]
[Date "2020.10.13"]
[Round "6"]
[White "K_A_S_T_O_R"]
[Black "rpragchess"]
[Result "1/2-1/2"]
[WhiteElo "2718"]
[BlackElo "2898"]
[TimeControl "180+1"]
[EndTime "11:08:27 PDT"]
[Termination "Game drawn by repetition"]

1. e4 c5 2. Nf3 Nc6 3. Bb5 g6 4.
c3 Nf6 5. Qe2 Bg7 6. O-O O-O 7.
Rd1 d6 8. d4 cxd4 9. cxd4 Bg4 10. Bxc6 bxc6 11. h3 Bxf3 12. Qxf3 Nd7 13. Nc3 Rb8 14.
Rb1 Qa5 15. Be3 Qa6 16. b3 Rfc8 17. Rbc1 Qa3 18. Rc2 Nb6 19. Qe2 Qa5 20. Kh1 c5 21.
dxc5 dxc5 22. Nd5 Kf8 23. Rdc1 Nxd5 24. exd5 Rb5 25. Qd3 Be5 26. Qe4 Bd6 27. Qd3 Rb7 28.
Bd2 Qb5 29. Bh6+ Ke8 30. Qe4 Qb4 31. Rc4 Qa3 32. R1c2 Qa5 33. g4 Qd8 34. Re2 Rb4 35. Kg2 Qd7 36. Qd3 Qb5 37. Qc2 Rxc4 38. bxc4 Qb4 39.
Bd2 Qa3 40. Re3 Qa6 41. Rb3 Rb8 42. Rxb8+ Bxb8 43. Qb3 Bd6 44. Be3 Kd7 45. a4 f5 46.
gxf5 gxf5 47. Qc2 e6 48. dxe6+ Kxe6 49. Qd3 Qc6+ 50. f3 a6 51. a5 Be7 52. Bd2 Bf6 53. Qe3+ Kf7 54. Qh6 Qa4 55. Qxh7+ Ke6 56. Qg8+ Ke7 57. Qd5 Qc2 58. Qxc5+ Ke8 59. Qc6+ Ke7 60.
Qc7+ Ke8 61. Qd6 Bc3 62. Qe6+ Kd8 63. Qd6+ Ke8 64. Qe6+ Kd8 65. Qd6+ Ke8 1/2-1/2

[Event "*** SCC Grand Prix: Titled Tuesday Blitz"]
[Site "Chess.com"]
[Date "2020.10.13"]
[Round "6"]
[White "TC2304"]
[Black "niki_2003"]
[Result "0-1"]
[WhiteElo "2232"]
[BlackElo "1798"]
[TimeControl "180+1"]
[EndTime "11:08:27 PDT"]
[Termination "niki_2003 won by resignation"]

1. d4 Nf6 2. Bg5 c5 3. Nc3 h6 4. Bxf6 exf6 5. Nf3 c4 6. e4 Bb4 7. Bxc4 Bxc3+ 8. bxc3 Qc7 9. Qd3 O-O 10. O-O Nc6 11. Rfe1 b6 12. Bd5 Bb7 13. Nh4 Ne7 14. Bxb7 Qxb7 15. Re3 d5 16. Rae1 Rac8 17. Nf5 dxe4 18. Nxe7+ Qxe7 19. Rxe4 Qc7 20. R4e3 Qc4 21. Qxc4 Rxc4 22.
d5 Rd8 23. Rd1 Kf8 24. Kf1 Ra4 25. Ke2 Rxa2 26. Rd2 Ra1 27. c4 Ra4 28. Rd4 b5 29. Kd2 Rxc4 30. Rxc4 bxc4 31. Kc3 Rxd5 32. Kxc4 Rd2 33.
Kb3 Rxf2 34. c4 Rxg2 35. c5 Rxh2 36. c6 Rh5 37. c7 Rc5 38. Rc3 Rxc7 39. Rxc7 g5 40. Kc4 Kg7 41. Kd4 Kg6 42. Rxa7 h5 43. Ke4 h4 44. Ra8 f5+ 45. Kf3 g4+ 46. Kf4 f6 47.
Ra7 h3 48. Ra8 Kg7 49. Ra7+ Kg6 50. Ra2 Kh5 51. Ra8 Kg6 52. Rh8 Kg7 53. Rh4 Kg6 54.
Rh8 Kg7 55. Rb8 Kg6 56. Rb2 Kg7 57. Kxf5 g3 58. Kg4 g2 59. Kxh3 g1=Q 60. Rg2+ Qxg2+ 61. Kxg2 Kg6 62. Kg3 Kg5 63. Kf3 Kf5 64. Ke3 Kg4 65. Ke2 f5 66. Ke3 Kg3 67. Ke2 f4 68. Kf1 Kf3 69. Ke1 Kg2 70. Ke2 f3+ 0-1

[Event "*** SCC Grand Prix: Titled Tuesday Blitz"]
[Site "Chess.com"]
[Date "2020.10.13"]
[Round "6"]
[White "LiemLe"]
[Black "GiantThresher"]
[Result "1/2-1/2"]
[WhiteElo "2982"]
[BlackElo "2846"]
[TimeControl "180+1"]
[EndTime "11:08:28 PDT"]
[Termination "Game drawn - insufficient material"]

1. d4 d5 2. Nf3 Nf6 3. c4 e6 4. Nc3 c5 5. cxd5 exd5 6. Bg5 Nc6 7. e3 Be6 8. Bb5 a6 9. Bxc6+ bxc6 10. O-O h6 11.
Bh4 Be7 12. dxc5 Bxc5 13. Rc1 Be7 14. Qa4 Bd7 15. Ne5 Rc8 16. Rfd1 g5 17. Bg3 O-O 18.
Qxa6 Ra8 19. Qd3 Be8 20. h3 Bd6 21. Qf5 Qe7 22. a3 Nh5 23. Bh2 Ng7 24. Nxc6 Bxh2+ 25. Kxh2 Bxc6 26. Qg4 Rfb8 27. Rc2 Qe5+ 28. Kg1 Qf5 29. Qe2 Ne6 30. Rcd2 d4 31. exd4 Nf4 32. Qg4 Qxg4 33. hxg4 Bxg2 34. d5 Bf3 35. Re1 Bxg4 36. Ne4 Kg7 37.
Re3 Rd8 38. d6 Rac8 39. b4 Be6 40. Nc5 Rc6 41. d7 Nd5 42. Rxd5 Bxd5 43. Re8 Rxd7 44. Nxd7 Rc1+ 45. Kh2 Bc6 46. Re7 Rc2 47. Kg1 Rc1+ 48. Kh2 h5 49. Ne5 Bd5 50. Rd7 Be6 51. Rd3 Kf6 52. Nf3 h4 53. b5 Rb1 54. a4 h3 55. Nd4 Bd7 56. Nc6 Bf5 57. Re3 g4 58. Nd4 Bd7 59. a5 Bxb5 60. Nxb5 Rxb5 61. Ra3 Rb7 62.
a6 Ra7 63. Ra5 Ke6 64. Kg3 f5 65. f3 gxf3 66. Kxh3 Kd6 67. Kg3 Kc6 68. Kxf3 Kb6 69. Rxf5 Rxa6 70. Rf6+ Ka7 71. Rxa6+ Kxa6 1/2-1/2

[Event "*** SCC Grand Prix: Titled Tuesday Blitz"]
[Site "Chess.com"]
[Date "2020.10.13"]
[Round "6"]
[White "annazero"]
[Black "Keithonsky"]
[Result "1-0"]
[WhiteElo "2375"]
[BlackElo "2571"]
[TimeControl "180+1"]
[EndTime "11:08:28 PDT"]
[Termination "annazero won by checkmate"]

1. d4 d5 2. Bf4 Nf6 3. e3 e6 4. Nf3 c5 5. c3 Nc6 6. Nbd2 cxd4 7. exd4 Nh5 8. Bg5 Qc7 9. Ne5 Nxe5 10. Qxh5 Ng6 11.
Bd3 Bd6 12. g3 O-O 13. O-O Bd7 14. Rae1 Be8 15. Nf3 f6 16. Bc1 Bf7 17. Nh4 f5 18. Nxg6 Bxg6 19. Qd1 Rae8 20. f4 Bf7 21. Re3 Kh8 22.
Rfe1 g6 23. c4 dxc4 24. Bc2 Rd8 25. Bd2 Be7 26. Bc3 Bf6 27. Qd2 Rd5 28. b3 b5 29. a4 Rfd8 30. axb5 Bxd4 31. Bxd4+ Rxd4 32. Qc3 Qc5 33. bxc4 Kg8 34. Re5 Qb6 35. c5 Qxb5 36. c6 Qb6 37. Rc5 R4d5 38. Re5 Rxe5 39. c7 Rxc5 40.
cxd8=Q+ Qxd8 41. Qxc5 Qb6 42. Qxb6 axb6 43. Kf2 Kf8 44.
Ke3 Ke7 45. Kd4 Kd6 46. Ba4 h6 47. Bb5 g5 48. Ba4 Bh5 49. Bb5 Bf3 50. Ba4 Be2 51.
Be8 b5 52. fxg5 hxg5 53. h4 gxh4 54. gxh4 b4 55. h5 b3 56. Kc3 e5 57. h6 b2 58.
Kxb2 Bd3 59. h7 f4 60. h8=Q Kd5 61. Qf6 Kd4 62. Bf7 Be4 63. Qd6+ Ke3 64. Qxe5 f3 65. Bg6 Kf2 66. Qxe4 Kg1 67. Qxf3 Kh2 68. Be4 Kg1 69. Qg2# 1-0

[Event "*** SCC Grand Prix: Titled Tuesday Blitz"]
[Site "Chess.com"]
[Date "2020.10.13"]
[Round "6"]
[White "Sergey85Rodchenkov"]
[Black "brunomorado"]
[Result "0-1"]
[WhiteElo "2439"]
[BlackElo "2314"]
[TimeControl "180+1"]
[EndTime "11:08:29 PDT"]
[Termination "brunomorado won by resignation"]

1. e4 c5 2. Nf3 Nc6 3. d4 cxd4 4. Nxd4 e5 5. Nb3 Nf6 6. Nc3 Bb4 7. Bc4 O-O 8. O-O Bxc3 9. bxc3 Nxe4 10. Ba3 d6 11.
Qd3 Bf5 12. Rae1 Qh4 13. f4 Rae8 14. Rxe4 exf4 15. Rfxf4 Qxf4 16. Rxf4 Bxd3 17. Bxd3 Re1+ 18. Kf2 Re6 19. Nd4 Rh6 20. Nf5 Rf6 21. g3 Rd8 22. c4 Ne5 23. Ne7+ Kf8 24. Rxf6 Ng4+ 25. Kf3 Nxf6 26.
Nd5 Nxd5 27. cxd5 Ke7 28. h4 Rc8 29. Bb2 g6 30. Bd4 f6 31. g4 b6 32. a4 Kf7 33. c4 Re8 34. Be3 Re5 35. Bf4 Re1 36.
Bxd6 Ra1 37. c5 bxc5 38. Bxc5 Rxa4 39. d6 Ke6 40. h5 Ra5 41. Bb4 Ra4 42. Bc5 Ra5 43.
Bd4 gxh5 44. gxh5 Rxh5 45. Bxa7 Kxd6 46. Bb8+ Ke7 47. Kg4 Rd5 48. Bf5 h5+ 49. Kf4 Rb5 50.
Ba7 Rb4+ 51. Kf3 Kd6 52. Be3 Ke5 53. Bd3 h4 54. Ba6 h3 55. Bc8 h2 56. Kg2 Rh4 57.
Kh1 f5 58. Bf2 Rh3 59. Bb7 Kf4 60. Bg2 Rh7 61. Bc5 Kg4 62. Bd6 f4 63. Be4 Rd7 64. Bb8 Rd2 65. Bc6 f3 66. Bxh2 Rd1+ 67. Bg1 f2 0-1

[Event "*** SCC Grand Prix: Titled Tuesday Blitz"]
[Site "Chess.com"]
[Date "2020.10.13"]
[Round "6"]
[White "valeriocarnicelli"]
[Black "AlexTriapishko"]
[Result "1/2-1/2"]
[WhiteElo "2566"]
[BlackElo "2794"]
[TimeControl "180+1"]
[EndTime "11:08:30 PDT"]
[Termination "Game drawn by repetition"]

1. e4 c6 2. Nc3 d5 3. Nf3 dxe4 4. Nxe4 Nf6 5. Nxf6+ exf6 6. Bc4 Bd6 7. Qe2+ Be7 8. O-O O-O 9. h3 Bd6 10. Re1 Nd7 11. d4 b5 12. Bd3 Nb6 13. c3 Bd7 14. b3 Re8 15. Qf1 Rxe1 16. Qxe1 g6 17. Bb2 Be6 18. Rd1 Bc7 19. Be4 Qd6 20. Qd2 Re8 21. Re1 Kg7 22. Bc1 Bd5 23. Bxd5 Rxe1+ 24. Qxe1 Nxd5 25.
Qd2 g5 26. Qd3 Qe6 27. Be3 h5 28. c4 bxc4 29. bxc4 Nb6 30. Nd2 Qd6 31. g3 Qe6 32.
Kg2 Qd6 33. d5 Qd7 34. Bxb6 axb6 35. Ne4 Be5 36. a4 g4 37. h4 f5 38. Nd2 f4 39.
Qe4 Bc3 40. Qxf4 f6 41. Ne4 Be5 42. Qd2 cxd5 43. Qxd5 Qxa4 44. Ng5 Qe8 45. Ne6+ Kg6 46. f4 gxf3+ 47. Kxf3 Qe7 48. Qe4+ Kf7 49. Nf4 Qa3+ 50. Kg2 Qb2+ 51. Kh3 Bxf4 52. Qxf4 Qb1 53. Qc7+ Kg6 54. Qc6 Qf1+ 55. Kh2 Qf2+ 56. Kh3 Qc5 57. Qe4+ Kg7 58. Kg2 Qa3 59. Qf4 Kg6 60. Kh3 Qb2 61. Qe4+ Kg7 62. g4 Qc3+ 63. Kg2 Qd2+ 64. Kf3 Qd1+ 65. Kg3 Qg1+ 66.
Kh3 Qf1+ 67. Kg3 Qg1+ 68. Kh3 Qf1+ 69. Kg3 Qg1+ 1/2-1/2

[Event "*** SCC Grand Prix: Titled Tuesday Blitz"]
[Site "Chess.com"]
[Date "2020.10.13"]
[Round "6"]
[White "W_Amadeus"]
[Black "wonderfultime"]
[Result "0-1"]
[WhiteElo "2696"]
[BlackElo "2916"]
[TimeControl "180+1"]
[EndTime "11:08:30 PDT"]
[Termination "wonderfultime won by resignation"]

1. e4 c5 2. Nf3 Nf6 3. e5 Nd5 4. Nc3 e6 5. Ne4 f5 6. Nc3 Ne7 7. d4 cxd4 8. Nxd4 a6 9. g3 Nbc6 10. f4 Nxd4 11. Qxd4 Nc6 12. Qf2 d6 13. exd6 Bxd6 14.
Be3 Bb4 15. Bg2 O-O 16. O-O Re8 17. Na4 e5 18. Rad1 Qf6 19. c3 Bf8 20. Nb6 Rb8 21. fxe5 Nxe5 22. Bd4 Qg6 23. Nxc8 Rbxc8 24. Qxf5 Nc6 25.
Bd5+ Kh8 26. Qxg6 hxg6 27. Bf7 Re2 28. Bxg6 Nxd4 29. cxd4 Rxb2 30. d5 Bd6 31. Kh1 Rxa2 32. Rd4 Be7 33. d6 Bf6 34. d7 Rg8 35. Re4 Rd2 36.
Be8 b5 37. Rf5 Rf8 38. Rh5+ Kg8 39. Rc5 b4 40. Rc8 b3 41. Bg6 Rd1+ 42. Kg2 Bd8 43.
Re8 Rd2+ 44. Kh3 Rxd7 45. Rxf8+ Kxf8 46. Bf5 Rd4 47. Rb8 a5 48. Be6 a4 49. Bxb3 axb3 50. Rxb3 Bf6 51. Rf3 Kf7 52. Kg2 Kg6 53. h4 Kh5 54.
Kh3 Kh6 55. Rb3 Be5 56. Rf3 Kg6 57. Re3 Kf5 58. Rf3+ Ke4 59. Rf1 Rd3 60. Rg1 Bd4 61. Re1+ Kf3 62. Rf1+ Bf2 63. Kh2 Ke2 64. Ra1 Bxg3+ 65.
Kg2 Bxh4 66. Ra4 Bf6 67. Rg4 Re3 0-1

[Event "*** SCC Grand Prix: Titled Tuesday Blitz"]
[Site "Chess.com"]
[Date "2020.10.13"]
[Round "6"]
[White "deribas12345"]
[Black "ThePatrick27"]
[Result "0-1"]
[WhiteElo "2672"]
[BlackElo "2538"]
[TimeControl "180+1"]
[EndTime "11:08:32 PDT"]
[Termination "ThePatrick27 won by resignation"]

1. d4 Nf6 2. c4 e6 3. Nc3 Bb4 4. a3 Bxc3+ 5. bxc3 O-O 6. f3 d6 7. e4 b6 8. Bd3 Bb7 9. Ne2 c5 10. d5 exd5 11. cxd5 Nbd7 12. O-O Qc7 13. f4 Rfe8 14. Ng3 c4 15. Bc2 Nc5 16. Qf3 Bc8 17. h3 Bd7 18.
Be3 Nb3 19. Bxb3 cxb3 20. Bd4 Rec8 21. Kh1 Ne8 22. Rab1 Bb5 23. Rfe1 Bc4 24. Nf5 Qd8 25.
Qg4 f6 26. e5 dxe5 27. fxe5 Bxd5 28. exf6 Rc7 29. Ne7+ Rxe7 30. Rxe7 g6 31. Rg7+ Nxg7 32. fxg7 Qe8 33. Rf1 Qe4 34. Qxe4 Bxe4 35. c4 b2 36. Bxb2 Rc8 37. Rd1 Bf5 38. a4 Be6 39. Kh2 Bxc4 40. g4 h5 41. g5 Bb3 42. Bf6 Rc2+ 43. Kg1 Rg2+ 44. Kxg2 Bxd1 45. a5 bxa5 46. Kf2 a4 47. h4 Bb3 48. Ke3 a3 49. Kd2 a5 50. Kc1 a4 51. Kb1 a2+ 52. Kb2 Kf7 53. Ka1 Ke8 54. Bd4 Kd7 55. Be5 Kc6 56. Bf6 Bg8 57. Kb2 Kc5 58. Ka3 Kb5 59. Be5 Kc5 60. Kxa4 Kd5 61. Bf6 Ke4 62. Kb4 Kf4 63. Kc5 Kg4 64. Kd6 Kxh4 65.
Ke7 Kg4 66. Kf8 Bb3 67. g8=Q Bxg8 68. Kxg8 h4 69. Kf7 Kf5 70. Ke7 h3 71. Be5 h2 72.
Kf7 h1=Q 0-1

[Event "*** SCC Grand Prix: Titled Tuesday Blitz"]
[Site "Chess.com"]
[Date "2020.10.13"]
[Round "6"]
[White "GHANDEEVAM2003"]
[Black "PavelShkapenko"]
[Result "0-1"]
[WhiteElo "3030"]
[BlackElo "2723"]
[TimeControl "180+1"]
[EndTime "11:08:33 PDT"]
[Termination "PavelShkapenko won by resignation"]

1. d4 Nf6 2. Nf3 e6 3. Bg5 c5 4.
e3 cxd4 5. exd4 b6 6. Nbd2 Bb7 7. Bd3 Be7 8. O-O d6 9. Re1 Nbd7 10. a4 a6 11. c3 O-O 12. Qe2 h6 13. Bh4 Nh5 14. Bg3 Nxg3 15. hxg3 Re8 16. Be4 Bxe4 17. Nxe4 Nf6 18.
Qc2 Qd7 19. Qb3 Qc6 20. Nfd2 Nxe4 21. Rxe4 d5 22. Re2 b5 23. Nf3 Bd6 24. Ne1 Reb8 25. Nd3 bxa4 26. Qxa4 Qb5 27. Rd2 h5 28. Rdd1 g6 29.
Ra2 Kg7 30. Qc2 Rb6 31. Rda1 a5 32. Ra4 Rba6 33. R1a2 Kg8 34. Nc1 Bc7 35. Nb3 Bb6 36. Nd2 Bc7 37. Nf3 Kg7 38. Ra1 Bd6 39. b3 Rb6 40. Nd2 Rba6 41. c4 Qb7 42. Nf1 Bb4 43. Ne3 dxc4 44. bxc4 Rc8 45. Qb2 Kg8 46. c5 Raa8 47. Nc2 Rab8 48. Rb1 Qd7 49. Qa2 Bc3 50. Rb3 Rxb3 51. Qxb3 Bd2 52. Rc4 Qc7 53. Qd3 Bc1 54. c6 Bb2 55. Qb3 Rb8 56. Qa4 Bc1 57. Ne1 Rb1 58. Qa2 Rb2 59. Qa3 Rc2 60. Qd3 Rxc4 61. Qxc4 Ba3 62. Qb5 Bd6 63. Nd3 Kg7 64. Nc5 Kg8 65.
Na6 Qa7 66. Nc5 a4 67. Nxa4 Qxd4 68. Nb6 Bxg3 69. Qf1 Qxb6 0-1

[Event "*** SCC Grand Prix: Titled Tuesday Blitz"]
[Site "Chess.com"]
[Date "2020.10.13"]
[Round "6"]
[White "Alexander_Moskalenko"]
[Black "mirceaparligras"]
[Result "1-0"]
[WhiteElo "2816"]
[BlackElo "2632"]
[TimeControl "180+1"]
[EndTime "11:08:37 PDT"]
[Termination "Alexander_Moskalenko won by resignation"]

1. d4 Nf6 2. c4 c5 3. g3 cxd4 4. Nf3 e5 5. e3 dxe3 6. Bxe3 d6 7. Nc3 Be7 8. Bd3 O-O 9. O-O Bg4 10. Be2 Nbd7 11. Nd2 Be6 12. Bf3 Nc5 13. b4 Ncd7 14. a3 Qb8 15. Rc1 Rc8 16. Re1 a5 17. Bg2 axb4 18.
axb4 Bxc4 19. Nxc4 Rxc4 20. Qb3 Rc8 21. Nd5 Nxd5 22. Bxd5 Rf8 23. b5 Nf6 24. Bg2 d5 25. Bxd5 Nxd5 26. Qxd5 Rd8 27. Qe4 Rc8 28. b6 Rxc1 29.
Rxc1 Bd6 30. h4 h6 31. h5 Ra5 32. Qf5 Ra8 33. Qg4 Kh8 34. Qd7 Kg8 35. Kh2 e4 36. Kg2 Be5 37. Rc4 f5 38. Qxf5 Bf6 39. Qd5+ Kh8 40.
Rxe4 Qd8 41. Qxb7 Rb8 42. Qc6 Qd3 43. Re6 Rd8 44. Rxf6 gxf6 45. Qxf6+ Kg8 46. Qxh6 Qe4+ 47. Kh2 Rd1 48. Qg5+ Kh7 49. Qh6+ Kg8 50. Qg6+ Qxg6 51. hxg6 Kg7 52. Bf4 Rb1 53. Bc7 Kxg6 54. g4 Kg5 55. Kg3 Rb3+ 56. f3 Kf6 57. Bd8+ Kg6 58. Bc7 Kg5 59. Kg2 Rb2+ 60. Kh3 Rb3 61. Kg3 Kf6 62. Kh4 Kg6 63. f4 Rb4 64. f5+ Kf6 65. Bd8+ Ke5 66. Kg5 Kd6 67. f6 Ke6 68. Kh5 Rb1 69. g5 Kf5 70. Kh6 Rh1+ 71. Kg7 Rb1 72. g6 Rg1 73. b7 Rxg6+ 74. Kf7 Rh6 75. b8=Q Rh7+ 76. Kg8 1-0